 Dungeon Crawl Stone Soup version 0.30-a0-672-gc3a7216ad8 (webtiles) character file.

Game seed: 10525407963216882835

2173698 ragingrage the Hoplite (level 25, 236/236 HPs)
             Began as an Armataur Delver on Jan 18, 2023.
             Was a Follower of Uskayaw.
             Escaped with the Orb
             ... and 4 runes!
             The game lasted 02:28:24 (76260 turns).

ragingrage the Hoplite (Armataur Delver)           Turns: 76260, Time: 02:28:25

Health: 236/236    AC: 37    Str: 23    XL:     25   Next: 94%
Magic:  33/33      EV: 12    Int: 18    God:    Uskayaw [*.....]
Gold:   4008       SH: 26    Dex: 19    Spells: 25/28 levels left

rFire   + + .      SeeInvis +    a - +9 double sword (flame)
rCold   + + .      Faith    .    W - +2 tower shield {AC+3}
rNeg    + . .      Spirit   +    B - quicksilver dragon scales
rPois   +          Reflect  .    m - +1 helmet {Int+3}
rElec   +          Harm     .    y - +2 cloak {Will+}
rCorr   +          Roll     +    I - +2 pair of gloves {Str+3}
Will    +++..      Clarity  +    d - +0 barding "Zoniniash" {rN+}
Stlth   +++                      O - amulet of guardian spirit
HPRegen 0.59/turn                j - ring "Zeabbiet" {rF+ rCorr AC+4 Int+2}
MPRegen 0.23/turn                T - ring of the Six Bounties {rElec rPois rC+ Stlth+}

@: mighty, brilliant, resistant, attractive, flying, hasted, studying 2 skills,
very quick
A: large, rugged brown scales 3, deformed body, armoured tail, roll, long
tongue, awkward tongue, stinger 1, see invisible, clarity, low MP 1, mutation
resistance 1
0: Orb of Zot
}: 4/15 runes: serpentine, barnacled, slimy, abyssal
a: Renounce Religion, Stomp


You escaped.
You worshipped Uskayaw.
Uskayaw was greatly pleased with you.
You visited 11 branches of the dungeon, and saw 52 of its levels.
You visited the Abyss 1 time.
You visited 1 bazaar.
You also visited: Trove and Ice Cave.

You collected 8165 gold pieces.
You spent 4157 gold pieces at shops.

Inventory:

Hand Weapons
 a - a +9 double sword of flaming (weapon)
 b - a +2 quick blade of electrocution
 c - the +18 lance "Wyrmbane" {slay drac, rPois rF+ rC+ AC+3}
   (You took it off a merfolk siren on level 4 of the Shoals)

   AC:        It affects your AC (+3).
   rF:        It protects you from fire.
   rC:        It protects you from cold.
   rPois:     It protects you from poison.
Missiles
 w - 9 silver javelins
 N - 24 javelins (quivered)
 Y - a throwing net
 Z - 4 curare-tipped darts
Armour
 d - the +0 barding "Zoniniash" (worn) {rN+}
   (You found it in a treasure trove)

   rN:        It protects you from negative energy.
 m - a +1 helmet of intelligence (worn)
 y - a +2 cloak of willpower (worn)
 B - quicksilver dragon scales (worn)
 I - a +2 pair of gloves of strength (worn)
 W - a +2 tower shield of protection (worn)
Jewellery
 j - the ring "Zeabbiet" (left hand) {rF+ rCorr AC+4 Int+2}
   (You found it on level 5 of the Pits of Slime)

   [ring of protection]

   AC:        It affects your AC (+4).
   Int:       It affects your intelligence (+2).
   rF:        It protects you from fire.
   rCorr:     It protects you from acid and corrosion.
 O - an amulet of guardian spirit (around neck)
 T - the ring of the Six Bounties (right hand) {rElec rPois rC+ Stlth+}
   (You took it off a boggart on level 3 of the Depths)

   [ring of poison resistance]

   rC:        It protects you from cold.
   rElec:     It insulates you from electricity.
   rPois:     It protects you from poison.
   Stlth:     It makes you more stealthy.
Wands
 e - a wand of roots (40)
 g - a wand of digging (3)
 h - a wand of flame (61)
 K - a wand of acid (10)
 L - a wand of paralysis (53)
Scrolls
 i - 3 scrolls of summoning
 k - 7 scrolls of immolation
 n - 6 scrolls of fog
 o - 9 scrolls of magic mapping
 p - 6 scrolls of silence
 t - 8 scrolls of blinking
 x - 4 scrolls of fear
 M - 9 scrolls of poison
 R - 8 scrolls of teleportation
Potions
 f - 2 potions of haste
 l - 10 potions of mutation
 q - 5 potions of ambrosia
 r - 6 potions of lignification
 s - 5 potions of berserk rage
 u - 11 potions of attraction
 z - 17 potions of curing
 A - 4 potions of heal wounds
 D - 3 potions of flight
 E - 6 potions of magic
 G - 2 potions of cancellation
 X - 3 potions of might
Miscellaneous
 v - a lightning rod (4/4)
 C - a phantom mirror
 H - a phial of floods
 P - a box of beasts
 Q - a condenser vane
 U - a tin of tremorstones (2/2)


   Skills:
 - Level 17.0 Fighting
 - Level 10.2(14.0) Short Blades
 - Level 15.2(16.4) Long Blades
 - Level 12.0 Polearms
 - Level 10.0 Throwing
 - Level 15.0 Armour
 - Level 10.0 Dodging
 - Level 16.0 Stealth
 + Level 22.4 Shields
 - Level 2.0 Spellcasting
 - Level 6.0 Transmutations
 - Level 20.0 Invocations
 - Level 15.0 Evocations


You had 25 spell levels left.
You knew the following spells:

 Your Spells              Type           Power      Damage    Failure   Level
a - Wereblood             Tmut           35%        N/A       4%          2
b - Apportation           Tloc           4%         N/A       34%         1

Your spell library contained the following spells:

 Spells                   Type           Power      Damage    Failure   Level
 Passwall                 Tmut/Erth      15%        N/A       16%         2
 Foxfire                  Conj/Fire      8%         2x1d4     34%         1
 Kiss of Death            Conj/Necr      8%         2d6       34%         1
 Magic Dart               Conj           8%         1d3       34%         1
 Necrotise                Necr           8%         1d4       34%         1
 Slow                     Hex            8%         N/A       34%         1
 Summon Small Mammal      Summ           8%         N/A       34%         1
 Ignite Poison            Fire/Tmut/Pois 13%        N/A       43%         3
 Call Imp                 Summ           2%         N/A       47%         2
 Cigotuvi's Dreadful Rot  Necr/Pois/Air  4%         N/A       47%         2
 Ensorcelled Hibernation  Hex/Ice        4%         N/A       47%         2
 Lesser Beckoning         Tloc           4%         N/A       47%         2
 Poisonous Vapours        Pois/Air       4%         N/A       47%         2
 Searing Ray              Conj           4%         2d4       47%         2
 Sublimation of Blood     Necr           2%         N/A       47%         2
 Call Canine Familiar     Summ           2%         N/A       71%         3
 Confusing Touch          Hex            2%         N/A       71%         3
 Dazzling Flash           Conj/Hex       4%         N/A       71%         3
 Gell's Gravitas          Tloc           2%         N/A       71%         3
 Inner Flame              Hex/Fire       2%         N/A       71%         3
 Kindle Blastsparks       Fire/Tloc/Air  4%         2d10      71%         3
 Mephitic Cloud           Conj/Pois/Air  2%         N/A       71%         3
 Summon Guardian Golem    Hex/Summ       2%         N/A       71%         3
 Swiftness                Air            2%         N/A       71%         3
 Teleport Other           Tloc           2%         N/A       71%         3
 Vampiric Draining        Necr           2%         2d6       71%         3
 Animate Dead             Necr           2%         N/A       98%         4
 Dispel Undead            Necr           2%         3d7       98%         4
 Flame Wave               Conj/Fire      2%         2d4       98%         4
 Fulminant Prism          Conj/Hex       1%         3d5       98%         4
 Iskenderun's Mystic Bla  Conj/Tloc      2%         2d3       98%         4
 Leda's Liquefaction      Hex/Erth       1%         N/A       98%         4
 Sticky Flame             Conj/Fire      2%         2d3       98%         4
 Agony                    Necr           2%         N/A       100%        5
 Fireball                 Conj/Fire      1%         3d3       100%        5
 Freezing Cloud           Conj/Ice/Air   1%         6-21      100%        5
 Iskenderun's Battlesphe  Conj           2%         2d6       100%        5
 Lee's Rapid Deconstruct  Erth           1%         3d4*      100%        5
 Silence                  Hex/Air        1%         N/A       100%        5
 Summon Mana Viper        Hex/Summ       2%         N/A       100%        5
 Conjure Ball Lightning   Conj/Air       1%         3x3d6     100%        6
 Starburst                Conj/Fire      1%         6d3       100%        6
 Statue Form              Tmut/Erth      12%        N/A       100%        6
 Summon Cactus Giant      Summ           1%         N/A       100%        6
 Haunt                    Necr/Summ      1%         N/A       100%        7
 Orb of Destruction       Conj           1%         9d5       100%        7
 Summon Hydra             Summ           1%         N/A       100%        7
 Borgnjor's Revivificati  Necr           1%         N/A       100%        8
 Infestation              Necr           1%         N/A       100%        8
 Necromutation            Tmut/Necr      9%         N/A       100%        8
 Death's Door             Necr           1%         N/A       100%        9


Dungeon Overview and Level Annotations

Branches:
Dungeon (15/15)            Temple (1/1) D:5            Lair (5/5) D:10
 Shoals (4/4) Lair:3        Snake (4/4) Lair:2        Slime (5/5) Lair:4
    Orc (2/2) D:10            Elf (3/3) Orc:2        Vaults (4/5) D:13
  Crypt (0/3) Vaults:3     Depths (4/4) D:15            Zot (5/5) Depths:4
  IceCv (visited)

Altars:
Ashenzari
Cheibriados
Dithmenos
Elyvilon
Fedhas
Hepliaklqana
Kikubaaqudgha
Makhleb
Nemelex Xobeh
Okawaru
Qazlal
Ru
Sif Muna
Trog
Uskayaw
Vehumet
Wu Jian
Xom
Yredelemnul
Zin
The Shining One
Jiyva

Shops:
D:4 (*   D:9 (   Orc:2 ?*((   Elf:1 :   Snake:1 [([   Snake:2 :(   Vaults:4 =
Depths:4 *

Portals:
Hell: Depths:1 Depths:2 Depths:3 Depths:4
Abyss: Depths:3
Pandemonium: Depths:2
Ziggurat: Depths:4

Annotations:
Zot:3 36 runed doors


Innate Abilities, Weirdness & Mutations

You are completely covered in rugged brown scales. (AC +3, +7% HP)
Armour fits poorly on your strangely shaped body.
You have a long armoured tail.
You roll when moving toward enemies. (Rampage)
Your long tongue fully drains potion bottles. (2x potion effects)
Your tongue gives you trouble enunciating. (1.5x scroll delay)
Your tail ends in a venomous barb.
You have supernaturally acute eyesight. (SInv)
You possess an exceptional clarity of mind.
Your magical capacity is low. (-10% MP)
You are somewhat resistant to further mutation.


Message History

You burn the orange demon!
You kill the orange demon!
Uskayaw will force your foes to share their pain.
(D) Dungeon (T) Temple (L) Lair (A) Shoals (P) Snake Pit (M) Slime Pits (O) Orcish Mines (E) Elven Halls (V) Vaults (C) Crypt (U) Depths (H) Hell (Z) Zot
Where to? (Enter - D:1 @ (x,y), ? - help) HP restored.
There is a stone staircase leading up here.
You climb upwards.
There is a stone staircase leading down here.
There is a stone staircase leading up here.
You climb upwards.
There is a stone staircase leading down here.
There is a stone staircase leading down here.
There is a stone staircase leading up here.
You climb upwards.
There is a stone staircase leading down here.
There is a stone staircase leading up here.
You climb upwards.
There is a stone staircase leading down here.
There is a staircase leading out of the dungeon here.
You slurp down every last drop of the 3 potions of haste!
You feel yourself speed up.
Really quaff the potion of attraction? [Y]es or [N]o only, please.
Really quaff the potion of attraction?
You slurp down every last drop of the 12 potions of attraction!
You feel attractive to monsters.
You slurp down every last drop of the 4 potions of flight!
You feel very buoyant.
You fly up into the air.
You slurp down every last drop of the potion of resistance!
You feel protected.
You slurp down every last drop of the 4 potions of might!
You feel very mighty all of a sudden.
You slurp down every last drop of the potion of brilliance!
You feel clever all of a sudden.
You have escaped!

...# #..##.##...........##.
#..#### ###.##...##...######....
##....# #..##...).#+### ##...
##...## #.##.......## #..#.
###..####'.........## ###.##.
#....##...........## ##...##.
#..###.............# #..####. #
#..###.............# #.###### ##
#...##......@......###.# #>..
.####.#.##.............##..# #...
......#.##.............##.## #...
.####....#+...........##..# #...
.#####....##.........###..####...
.##...).#####.......####.........
##..###.# ##.....##............
#..## #.# ###.#'#.........#...
..## #.## ##.#.#..........#####


There were no monsters in sight!

Vanquished Creatures
  the Royal Jelly (Slime:5)
  A dread lich (Zot:5)
  9 orbs of fire
  An ancient lich (Zot:5)
  Sojobo (Depths:2)
  4 Killer Klowns (Zot:5)
  Vv (Zot:1)
  Saint Roka (Vaults:1)
  A curse toe (Zot:5)
  15 golden dragons
  Jory (Vaults:2)
  2 bone dragons
  2 doom hounds (Depths:2)
  4 electric golems
  2 Tzitzimimeh
  The ghost of Quudwopt the Impaler, an adept MfGl of Okawaru (Vaults:4)
  25 Orb Guardians (Zot:5)
  10 tentacled monstrosities
  A walking earthen tome (Depths:3)
  5 liches
  Mlioglotl (Snake:1)
  3 deep elf blademasters
  6 quicksilver dragons
  Asterion (Vaults:1)
  The ghost of Lolleill the Bludgeoner, an adept DgTm (Vaults:3)
  Grunn (Depths:2)
  2 deep elf master archers (Elf:3)
  8 death cobs
  18 acid blobs
  A kraken (Shoals:1)
  An Executioner (Zot:4)
  3 shadow dragons
  4 titans
  A tentacled starspawn (Abyss:3)
  Agnes (Snake:1)
  11 fire giants
  7 tengu reavers
  7 storm dragons
  Ilsuiw (Shoals:3)
  3 draconian monks
  14 rockslimes
  2 draconian knights
  15 azure jellies
  10 frost giants
  6 nagarajas (Snake:4)
  3 iron dragons (Depths:3)
  The ghost of wormed the Alchemist, an adept OpWr of Gozag (D:15)
  8 deep elf sorcerers (Elf:3)
  7 vault wardens
  Aizul (Snake:1)
  4 draconian scorchers
  2 deep elf elementalists (Elf:3)
  An orc warlord (Vaults:4)
  3 draconian shifters
  Louise (Elf:3)
  A ghost moth (Zot:2)
  A draconian annihilator (Zot:4)
  4 draconian stormcallers
  3 cacodemons
  A reaper (Depths:2)
  5 quicksilver oozes
  9 ironbound thunderhulks
  12 ironbound preservers
  16 stone giants
  29 very ugly things
  2 vampire knights
  9 deep elf demonologists
  5 green draconians
  10 black draconians
  A purple draconian (Zot:1)
  8 spark wasps (Depths:3)
  8 yellow draconians
  4 white draconians
  4 deep elf annihilators
  14 dire elephants
  2 blizzard demons
  13 red draconians
  A fire dragon (shapeshifter) (Depths:2)
  11 ettins
  A green death (D:5)
  Josephine (Snake:1)
  8 deep elf death magi
  9 fire dragons
  7 jiangshi
  11 deep elf high priests
  10 merfolk impalers
  8 merfolk javelineers
  9 great orbs of eyes
  3 rakshasas
  11 yaktaur captains
  2 salamander tyrants (Snake:4)
  5 vault guards
  4 entropy weavers
  9 ice dragons
  2 hydras
  A caustic shrike simulacrum (IceCv)
  5 spriggan air magi
  A peacekeeper (Vaults:4)
  4 ogre magi
  10 anacondas
  12 ironbound frosthearts
  7 merfolk aquamancers
  4 merfolk avatars
  18 centaur warriors
  5 boulder beetles
  24 dancing weapons
  20 two-headed ogres
  An alligator snapping turtle (Shoals:3)
  8 deep troll earth magi
  5 satyrs
  15 naga warriors
  2 thrashing horrors (Abyss:3)
  12 tengu warriors
  3 orc high priests (Vaults:4)
  4 vampire magi
  Urug (Lair:4)
  3 deep troll shamans
  2 shock serpents (Snake:3)
  20 naga sharpshooters
  Sonja (D:10)
  18 deep elf knights
  13 hell knights
  A wretched star (Abyss:3)
  6 salamander mystics
  A golden dragon zombie (D:15)
  3 flayed ghosts
  12 sea snakes
  9 skeletal warriors
  Lodul (D:12)
  3 sixfirhies (Abyss:3)
  49 deep trolls
  8 iron trolls
  6 glowing orange brains
  12 deep elf archers
  8 naga ritualists
  9 wizards
  4 large abominations
  27 deep elf pyromancers
  An obsidian statue (Zot:5)
  4 lindwurms
  10 orc knights
  10 harpies
  17 ironbound convokers
  5 phantasmal warriors
  7 mana vipers
  6 necromancers
  4 oklob plants (Lair:5)
  3 orc sorcerers
  24 deep elf zephyrmancers
  A stone giant zombie (D:15)
  2 sphinx skeletons
  56 ugly things
  17 manticores
  15 fauns
  4 shining eyes
  A tengu skeleton (Vaults:3)
  16 cyclopes
  12 elephants
  A worldbinder (Abyss:3)
  24 moths of wrath
  An ice statue (Shoals:1)
  29 black mambas
  11 merfolk sirens
  2 rust devils (Depths:2)
  An apocalypse crab (Abyss:3)
  12 vault sentinels
  17 salamanders
  2 eyes of devastation
  2 human skeletons (Vaults:3)
  10 water nymphs
  7 guardian serpents
  A guardian serpent (shapeshifter) (D:14)
  2 molten gargoyles (Lair:5)
  An eye of devastation (shapeshifter) (Depths:4)
  12 cane toads
  8 naga magi
  5 unseen horrors
  3 orange demons
  Maggie (D:10)
  26 yaktaurs
  2 hellions
  3 rime drakes
  A tormentor (Depths:1)
  13 komodo dragons
  4 efreet
  A kobold demonologist (D:12)
  An ice devil (D:15)
  7 tengu conjurers
  A freezing wraith (D:14)
  An ancient zyme (Abyss:3)
  4 elf skeletons (Vaults:3)
  A polar bear (shapeshifter) (Elf:1)
  A red devil (Depths:4)
  26 merfolk
  3 polar bears
  A yaktaur skeleton (Vaults:3)
  20 trolls
  Prince Ribbit (D:6)
  6 meliai
  8 wind drakes
  A spriggan zombie (D:15)
  9 snapping turtles
  26 dream sheep
  23 blink frogs
  2 centaur simulacra (D:15)
  3 air elementals (Elf:1)
  2 ettin skeletons (Vaults:3)
  Sigmund (D:2)
  A culicivora (Vaults:2)
  95 slime creatures
  A shadow (D:10)
  10 wyverns
  4 dire elephant simulacra (IceCv)
  42 yaks
  2 vampires (Depths:4)
  2 ynoxinuls (Abyss:3)
  20 fire elementals (Zot:2)
  3 fire bats (Lair:5)
  3 wraiths (Snake:1)
  11 water elementals
  Eustachio (D:6)
  8 basilisks
  3 golden eyes
  4 steam dragons
  5 vampire mosquitoes
  A neqoxec (Abyss:3)
  2 redbacks
  Menkaure (D:6)
  6 wargs
  3 harpy simulacra
  40 nagas
  4 hell hounds (Lair:5)
  3 acid dragons
  19 water moccasins
  A floating eye (Lair:5)
  22 orc warriors
  A meliai simulacrum (D:15)
  6 black bears
  33 ogres
  An alligator simulacrum (IceCv)
  10 boggarts
  18 wolves
  3 centaurs
  A kobold brigand (D:9)
  3 small abominations (Abyss:3)
  8 bullfrogs
  Blork the orc (D:6)
  3 gnoll sergeants
  3 scorpions (D:5)
  9 wights
  10 killer bees
  5 spriggan skeletons (D:9)
  A troll skeleton (D:9)
  An electric eel (Lair:2)
  8 howler monkeys
  2 crimson imps
  6 lava snakes (Lair:5)
  2 gnoll boudas
  18 orc priests
  5 hounds
  14 starcursed masses (Abyss:3)
  3 iguanas
  Jessica (D:2)
  16 orc wizards
  2 boggart simulacra (D:15)
  Robin (D:3)
  24 gnolls
  15 adders
  A white imp (D:7)
  An ufetubus (D:6)
  3 worms
  3 dart slugs
  77 orcs
  6 bats
  5 endoplasms
  4 giant cockroaches
  13 goblins
  8 hobgoblins
  15 jackals
  A quokka (D:2)
  3 ball pythons
  A frilled lizard (D:2)
  2 hobgoblin zombies (D:3)
  13 kobolds
  A kobold skeleton (D:3)
  A kobold zombie (D:3)
  An orc zombie (D:3)
  4 rats
  5 tentacles (Shoals:1)
2182 creatures vanquished.

Vanquished Creatures (collateral kills)
  A bone dragon (Abyss:3)
  A deep elf master archer (Elf:3)
  A dancing weapon (Elf:2)
  A necromancer (Depths:1)
  A deep elf zephyrmancer (Elf:2)
  An ugly thing (D:9)
  An apocalypse crab (Abyss:3)
  4 blink frogs (Lair:2)
  A raiju (Abyss:3)
  2 water elementals (Depths:1)
  3 yaks (Lair:2)
  A hobgoblin (D:3)
  A rat (D:3)
19 creatures vanquished.

Vanquished Creatures (others)
  A deep elf archer (Elf:1)
  A deep elf pyromancer (Elf:1)
  A moth of wrath (Zot:2)
  35 fungi
  A lurking horror (Abyss:3)
  100 plants
  4 starspawn tentacles
  8 tentacles (Shoals:1)
  9 withered plants (D:15)
160 creatures vanquished.

Grand Total: 2361 creatures vanquished

Notes
Turn   | Place    | Note
-------+----------+-------------------------------------------
     0 | D:5      | ragingrage the Armataur Delver began the quest for the Orb.
     0 | D:5      | Reached XP level 1. HP: 19/19 MP: 1/1
    84 | D:6      | Noticed a howler monkey
   106 | D:6      | Killed a howler monkey
   107 | D:6      | Reached XP level 2. HP: 18/26 MP: 2/2
   107 | D:6      | Reached XP level 3. HP: 22/32 MP: 3/3
   151 | D:6      | Reached XP level 4. HP: 32/39 MP: 4/4
   190 | D:6      | Found a radiant altar of Vehumet.
   190 | D:6      | Found a burning altar of Makhleb.
   454 | D:5      | Reached XP level 5. HP: 44/44 MP: 5/5
   553 | D:4      | Found Ocofim's Antique Weapon Emporium.
   621 | D:4      | Reached skill level 5 in Short Blades
   767 | D:4      | Found Ykaduing's Assorted Antiques.
   775 | D:4      | Bought a scroll labelled ALYUFODUIB for 29 gold pieces
   775 | D:4      | Bought a scroll labelled LIF WEMOOVURISYNT for 29 gold
                  | pieces
  1335 | D:2      | Noticed Jessica
  1341 | D:2      | Killed Jessica
  1388 | D:2      | Noticed Sigmund
  1402 | D:2      | Killed Sigmund
  1403 | D:2      | Reached XP level 6. HP: 53/53 MP: 6/6
  1989 | D:1      | Found a faded altar of an unknown god.
  3036 | D:3      | Reached XP level 7. HP: 53/59 MP: 7/7
  3224 | D:3      | Found a broken altar of Ashenzari.
  3229 | D:3      | Saw a vision of the Shoals and the Snake Pit.
  3229 | D:3      | Noticed a sea snake
  3229 | D:3      | Noticed a mana viper
  3229 | D:3      | Noticed a snapping turtle
  3229 | D:3      | Noticed a black mamba
  3229 | D:3      | Noticed a snapping turtle
  3229 | D:3      | Noticed a snapping turtle
  3229 | D:3      | Noticed a shock serpent
  3229 | D:3      | Noticed a black mamba
  3229 | D:3      | Noticed a merfolk siren
  3229 | D:3      | Noticed a black mamba
  3229 | D:3      | Noticed a black mamba
  3229 | D:3      | Noticed a naga warrior
  3229 | D:3      | Noticed a water elemental
  3229 | D:3      | Noticed a merfolk
  3230 | D:3      | Noticed a naga warrior
  3230 | D:3      | Noticed a guardian serpent
  3231 | D:3      | Noticed a sea snake
  3231 | D:3      | Noticed a naga mage
  3566 | D:3      | Noticed Robin
  3576 | D:3      | Killed Robin
  3663 | D:3      | Found a glowing golden altar of the Shining One.
  4770 | D:4      | Bought a runed scimitar for 203 gold pieces
  4920 | D:5      | Noticed a two-headed ogre
  4928 | D:5      | Killed a two-headed ogre
  4929 | D:5      | Reached skill level 5 in Long Blades
  4929 | D:5      | Reached XP level 8. HP: 51/66 MP: 8/8
  5202 | D:5      | Found a staircase to the Ecumenical Temple.
  5215 | D:5      | Found a sparkling altar of Nemelex Xobeh.
  5287 | Temple   | Entered the Ecumenical Temple
  5302 | Temple   | Became a worshipper of Uskayaw the Reveller
  5389 | D:5      | Reached * piety under Uskayaw
  5394 | D:5      | Reached ** piety under Uskayaw
  5395 | D:5      | Reached *** piety under Uskayaw
  5981 | D:6      | Reached XP level 9. HP: 60/72 MP: 9/9
  6219 | D:6      | Found a white marble altar of Elyvilon.
  6281 | D:6      | Noticed Blork the orc
  6284 | D:6      | Noticed Prince Ribbit
  6288 | D:6      | Killed Blork the orc
  6293 | D:6      | Reached **** piety under Uskayaw
  6304 | D:6      | Reached ***** piety under Uskayaw
  6311 | D:6      | Killed Prince Ribbit
  6330 | D:6      | Noticed Eustachio
  6340 | D:6      | Killed Eustachio
  6455 | D:6      | Noticed Menkaure
  6462 | D:6      | Killed Menkaure
  6797 | D:7      | Found an ornate altar of the Wu Jian Council.
  6908 | D:7      | Found a sacrificial altar of Ru.
  7045 | D:7      | Reached skill level 10 in Long Blades
  7239 | D:7      | Found a stormy altar of Qazlal.
  7395 | D:8      | Noticed a two-headed ogre
  7622 | D:8      | Found a snail-covered altar of Cheibriados.
  7622 | D:8      | Found a glowing silver altar of Zin.
  7908 | D:8      | Reached XP level 10. HP: 69/79 MP: 10/10
  8343 | D:8      | HP: 3/74 [wight/+2 war axe (2)]
  8681 | D:8      | Found an iron altar of Okawaru.
  8720 | D:8      | Killed a two-headed ogre
  9068 | D:9      | Noticed a two-headed ogre
  9077 | D:9      | Killed a two-headed ogre
  9259 | D:9      | Noticed a centaur warrior
  9259 | D:9      | Noticed a cyclops
  9265 | D:9      | Killed a cyclops
  9267 | D:9      | Killed a centaur warrior
  9272 | D:9      | Noticed a cyclops
  9273 | D:9      | Noticed a boulder beetle
  9274 | D:9      | Noticed a purple ugly thing
  9301 | D:9      | Killed a purple ugly thing
  9302 | D:9      | Reached skill level 1 in Armour
  9705 | D:9      | Reached skill level 1 in Invocations
  9705 | D:9      | Reached skill level 1 in Evocations
  9727 | D:9      | Reached XP level 11. HP: 70/87 MP: 8/11
 10008 | D:9      | HP: 4/87 [poisoned by a killer bee]
 11038 | D:9      | Noticed a two-headed ogre
 11057 | D:9      | Killed a two-headed ogre
 11083 | D:9      | Noticed an orc sorcerer
 11095 | D:9      | Killed an orc sorcerer
 11265 | D:9      | Noticed a deep elf zephyrmancer
 11279 | D:9      | Killed a deep elf zephyrmancer
 11379 | D:9      | Found Owkuerax's Antique Weapon Shoppe.
 11389 | D:9      | Bought a translucent shortbow for 216 gold pieces
 11389 | D:9      | Identified the +3 shortbow of Truth {elec, rF+ rN+} (You
                  | bought it in a shop on level 9 of the Dungeon)
 11566 | D:9      | Found a shadowy altar of Dithmenos.
 11586 | D:9      | Reached ****** piety under Uskayaw
 11680 | D:9      | Noticed a deep elf zephyrmancer
 11696 | D:9      | Killed a deep elf zephyrmancer
 11702 | D:9      | Killed a boulder beetle
 11851 | D:10     | Entered Level 10 of the Dungeon
 11909 | D:10     | Found a shimmering blue altar of Sif Muna.
 11941 | D:10     | Reached skill level 5 in Armour
 12151 | D:10     | Reached skill level 5 in Fighting
 12180 | D:10     | Reached XP level 12. HP: 100/100 MP: 12/15
 12209 | D:10     | Found a staircase to the Lair.
 12308 | D:10     | Noticed Sonja
 12483 | D:10     | Killed Sonja
 12701 | D:10     | Found a hazy altar of Hepliaklqana.
 12820 | D:10     | Noticed Maggie
 12847 | D:10     | Killed Maggie
 12848 | D:10     | Reached skill level 5 in Invocations
 12848 | D:10     | Reached skill level 5 in Evocations
 12992 | D:10     | Found a staircase to the Orcish Mines.
 13604 | D:11     | Noticed a boulder beetle
 13620 | D:11     | Killed a boulder beetle
 13844 | Lair:1   | Entered Level 1 of the Lair of Beasts
 15149 | Lair:2   | Found a staircase to the Snake Pit.
 15215 | Lair:2   | Reached skill level 10 in Stealth
 15417 | Lair:2   | Reached XP level 13. HP: 112/112 MP: 18/18
 15577 | Lair:2   | Found a stormy altar of Qazlal.
 15860 | Lair:2   | Upgraded the game from 0.30-a0-652-gcc886f7154 to
                  | 0.30-a0-672-gc3a7216ad8
 15933 | Lair:3   | Found a bloodstained altar of Trog.
 16730 | Lair:3   | Found a staircase to the Shoals.
 17520 | Lair:4   | Identified the +0 dagger of the Foot {chaos, *Corrode rElec
                  | rF+ Dex+2}
 17650 | Lair:4   | Found a viscous altar of Jiyva.
 17650 | Lair:4   | Found a staircase to the Slime Pits.
 17651 | Lair:4   | Noticed Urug
 17654 | Lair:4   | You fall into a shaft and drop 1 floor!
 17654 | Lair:5   | Entered Level 5 of the Lair of Beasts
 17702 | Lair:5   | Reached XP level 14. HP: 124/124 MP: 15/20
 18454 | Lair:4   | Killed Urug
 19082 | Lair:5   | Found a large runed translucent door.
 19083 | Lair:5   | Found a large runed translucent door.
 19106 | Lair:5   | Reached skill level 10 in Invocations
 20142 | D:12     | Noticed Lodul
 20165 | D:11     | Reached skill level 10 in Fighting
 20924 | D:13     | Found a gate to the Vaults.
 21651 | Orc:1    | Entered Level 1 of the Orcish Mines
 21792 | Orc:2    | Entered Level 2 of the Orcish Mines
 21922 | Orc:2    | Reached XP level 15. HP: 134/134 MP: 23/23
 22304 | Orc:1    | Reached skill level 10 in Armour
 22415 | Orc:2    | Found Loawnumn's Weapon Boutique.
 22420 | Orc:2    | Found Ufarph's Magic Scroll Emporium.
 22425 | Orc:2    | Found Tiklacw's Weapon Shop.
 22426 | Orc:2    | Found Maw Kig's General Store.
 22677 | Orc:2    | Bought a scroll of teleportation for 51 gold pieces
 22677 | Orc:2    | Bought a scroll of teleportation for 51 gold pieces
 22677 | Orc:2    | Bought a potion of curing for 51 gold pieces
 22888 | Orc:2    | Found a staircase to the Elven Halls.
 23237 | Orc:2    | Bought a condenser vane for 680 gold pieces
 25252 | D:15     | Entered Level 15 of the Dungeon
 25268 | D:15     | Found a staircase to the Depths.
 25386 | D:15     | Noticed wormed's ghost (adept OpWr)
 25471 | D:15     | Found a runed translucent gate.
 25471 | D:15     | Found a runed translucent gate.
 25670 | D:15     | Found a runed translucent gate.
 26104 | D:15     | Found a broken altar of Ashenzari.
 27001 | D:12     | Killed Lodul
 27382 | Shoals:1 | Entered Level 1 of the Shoals
 27437 | Shoals:1 | Reached skill level 1 in Shields
 27673 | Shoals:1 | Reached skill level 2 in Shields
 27673 | Shoals:1 | Reached XP level 16. HP: 82/146 MP: 13/25
 27691 | Shoals:1 | Found a frozen archway.
 27762 | IceCv    | Entered an ice cave
 27778 | IceCv    | HP: 3/219 [dire elephant simulacrum (11)]
 27895 | IceCv    | Found a transporter.
 27902 | IceCv    | Found a transporter.
 28473 | Shoals:1 | Found an iron altar of Okawaru.
 28478 | Shoals:1 | Noticed a kraken
 28521 | Shoals:1 | Killed a kraken
 28522 | Shoals:1 | Reached skill level 3 in Shields
 29488 | Shoals:2 | Reached skill level 15 in Stealth
 29588 | Shoals:2 | Reached skill level 4 in Shields
 30282 | Shoals:3 | Reached skill level 5 in Shields
 30335 | Shoals:3 | Noticed Ilsuiw
 30661 | Shoals:3 | Killed Ilsuiw
 31015 | Shoals:3 | Found a runed translucent door.
 31176 | Shoals:4 | Entered Level 4 of the Shoals
 31403 | Shoals:4 | Reached skill level 6 in Shields
 31403 | Shoals:4 | Identified the ring "Eriq" {Fire rElec rPois Will+ Int+6}
 31665 | Shoals:4 | Identified the +10 long sword of Noedd {heavy, Dex+6}
 31992 | Shoals:3 | Reached skill level 7 in Shields
 32145 | Snake:1  | Entered Level 1 of the Snake Pit
 32213 | Snake:1  | Noticed Mlioglotl
 32228 | Snake:1  | Noticed a tentacled starspawn
 32235 | Snake:1  | Killed Mlioglotl
 32436 | Snake:1  | Noticed Aizul
 32442 | Snake:1  | Killed Aizul
 32472 | Snake:1  | Reached XP level 17. HP: 112/158 MP: 16/27
 32590 | Snake:1  | Noticed Josephine
 32601 | Snake:1  | Killed Josephine
 32615 | Snake:1  | Found Quck's Antique Armour Shoppe.
 32619 | Snake:1  | Found Uromid's Weapon Emporium.
 32620 | Snake:1  | Found Huliarat's Antique Armour Shoppe.
 32623 | Snake:1  | Bought a smoking ring mail for 333 gold pieces
 32623 | Snake:1  | Identified the +2 ring mail "Hopar" {Rampage Drain SInv}
                  | (You bought it in a shop on level 1 of the Snake Pit)
 32624 | Snake:1  | Bought a runed buckler for 277 gold pieces
 32639 | Snake:1  | Bought a brightly glowing ring mail for 306 gold pieces
 32639 | Snake:1  | Identified the +0 ring mail of the Sultana {Rampage} (You
                  | bought it in a shop on level 1 of the Snake Pit)
 32730 | Snake:1  | Noticed Agnes
 32735 | Snake:1  | Killed Agnes
 33204 | Snake:2  | Learned a level 2 spell: Wereblood
 33318 | Snake:2  | Found Bematesa's Antique Weapon Shop.
 33325 | Snake:2  | Found Tecuded's Book Boutique.
 33802 | Snake:2  | Reached skill level 1 in Transmutations
 34482 | Snake:3  | Reached skill level 8 in Shields
 36048 | Snake:4  | Entered Level 4 of the Snake Pit
 36929 | Snake:4  | Reached skill level 9 in Shields
 38119 | Snake:4  | Reached skill level 5 in Transmutations
 38119 | Snake:4  | Reached skill level 15 in Invocations
 38131 | Snake:4  | Reached XP level 18. HP: 170/170 MP: 26/29
 38593 | Snake:4  | Reached skill level 10 in Shields
 38784 | Snake:4  | Got a serpentine rune of Zot
 39293 | Elf:1    | Entered Level 1 of the Elven Halls
 39384 | Elf:1    | Paralysed by an air elemental for 1 turns
 39412 | Elf:1    | Identified the +12 arbalest of Peace {elec, rF++}
 39875 | Elf:2    | Found a runed translucent gate.
 39899 | Elf:2    | Found a runed translucent gate.
 39899 | Elf:2    | Found a runed translucent gate.
 40032 | Elf:1    | Found a radiant altar of Vehumet.
 40201 | Elf:1    | Found Isuatixzua's Tremendous Tomes.
 40436 | Elf:1    | Reached skill level 11 in Shields
 40848 | Elf:1    | Gained mutation: You are vulnerable to cold. (rC-) [a
                  | cacodemon]
 40862 | Elf:1    | Lost mutation: You are vulnerable to cold. (rC-) [potion of
                  | mutation]
 40862 | Elf:1    | Gained mutation: You have supernaturally acute eyesight.
                  | (SInv) [potion of mutation]
 40862 | Elf:1    | Gained mutation: Your tail ends in a venomous barb. [potion
                  | of mutation]
 40862 | Elf:1    | Gained mutation: You are somewhat resistant to further
                  | mutation. [potion of mutation]
 40862 | Elf:1    | Gained mutation: You possess an exceptional clarity of
                  | mind. [potion of mutation]
 40959 | Elf:1    | Got the Guidebook on the Band
 41197 | Elf:3    | Entered Level 3 of the Elven Halls
 41323 | Elf:3    | Reached skill level 15 in Fighting
 41349 | Elf:3    | Reached skill level 12 in Shields
 41431 | Elf:3    | Noticed Louise
 41455 | Elf:3    | Killed Louise
 41626 | Elf:3    | Reached skill level 13 in Shields
 42065 | Elf:2    | Reached skill level 14 in Shields
 42239 | Elf:2    | Reached XP level 19. HP: 162/179 MP: 27/30
 42928 | Elf:3    | Reached skill level 15 in Shields
 43249 | Elf:3    | Identified the ring of Fedhas's Generosity {rPois rF- rC+++
                  | Int+6 Stlth-}
 43250 | Elf:3    | Identified the +1 long sword of Eternal Vigilance {heavy,
                  | Contam rElec Will+ rCorr}
 43266 | Elf:3    | Identified the +1 robe "Noon" {rCorr Dex+6}
 43291 | Elf:3    | Identified the +4 scimitar of Taxation {vamp, rC+ rCorr}
 43342 | Elf:3    | Identified the +1 long sword "Olysch" {vamp, Will++ Int-3
                  | SInv}
 43737 | Elf:3    | Identified the +9 sling of Doubt {drain, rN+ Will+ Str+2}
 43785 | Elf:3    | Identified the +1 dagger of Immorality {spect, rElec}
 44281 | Shoals:3 | Identified the +1 chain mail of Slovenliness {rPois rF++
                  | Dex-3}
 44524 | Shoals:4 | Reached skill level 1 in Spellcasting
 44560 | Shoals:4 | Got a barnacled rune of Zot
 44742 | Shoals:4 | Reached skill level 15 in Long Blades
 45234 | Shoals:4 | Identified the +2 hand axe of the Shore {heavy, Drain rC+
                  | Dex+3}
 45505 | Vaults:1 | Entered Level 1 of the Vaults
 45574 | Vaults:1 | Noticed Saint Roka
 45632 | Vaults:1 | Killed Saint Roka
 46296 | Vaults:1 | Noticed Asterion
 46302 | Vaults:1 | Reached skill level 5 in Dodging
 46309 | Vaults:1 | Reached XP level 20. HP: 158/190 MP: 25/31
 46313 | Vaults:1 | Killed Asterion
 46666 | Vaults:1 | Reached skill level 10 in Evocations
 47750 | Vaults:2 | Reached skill level 16 in Shields
 47880 | Vaults:2 | Reached skill level 10 in Short Blades
 48218 | Vaults:2 | Paralysed by a great orb of eyes for 2 turns
 48405 | Vaults:2 | Identified the +4 short sword of Katziut {speed, rElec
                  | rPois Will+ Int-3}
 48572 | Vaults:2 | Noticed Jory
 48589 | Vaults:2 | Killed Jory
 49523 | Abyss:2  | Cast into level 2 of the Abyss (a wizard)
 49534 | Abyss:2  | Found a bloodstained altar of Trog.
 49538 | Abyss:3  | Found a corrupted altar of Lugonu.
 49658 | Abyss:3  | Gained mutation: Your magical capacity is low. (-10% MP) [a
                  | neqoxec]
 49689 | Abyss:3  | Reached skill level 17 in Shields
 49702 | Abyss:3  | Noticed a bone dragon
 49727 | Abyss:3  | Killed a bone dragon
 49792 | Abyss:3  | Reached XP level 21. HP: 120/196 MP: 21/29
 49907 | Abyss:3  | Got an abyssal rune of Zot
 49915 | Vaults:3 | Escaped the Abyss
 50225 | Vaults:3 | Reached skill level 10 in Dodging
 50521 | Vaults:3 | Found a staircase to the Crypt.
 50835 | Vaults:3 | Found a runed translucent door.
 50835 | Vaults:3 | Noticed Lolleill's ghost (adept DgTm)
 51505 | Vaults:4 | Reached skill level 18 in Shields
 51962 | Vaults:4 | Found Tigaano's Jewellery Emporium.
 51979 | Vaults:4 | Bought the ring "Ingut" {rElec rPois Will++ rCorr Str-5}
                  | for 750 gold pieces
 52289 | Vaults:4 | Found a runed translucent gate.
 52289 | Vaults:4 | Identified the +1 chain mail of Teuw {-Tele Str+5}
 52290 | Vaults:4 | Found a runed translucent gate.
 52290 | Vaults:4 | Found a runed translucent gate.
 52290 | Vaults:4 | Noticed Quudwopt's ghost (adept MfGl)
 52294 | Vaults:4 | Identified the ring "Kajaetun" {Fly rElec Int+6}
 54111 | Depths:1 | Entered Level 1 of the Depths
 54142 | Depths:1 | Reached skill level 19 in Shields
 54451 | Depths:1 | Found a gateway to Hell.
 54568 | Depths:1 | Found a portal to a secret trove of treasure.
 54652 | Depths:1 | Reached skill level 20 in Shields
 54672 | Depths:1 | Found a flickering gateway to a bazaar.
 54697 | Bazaar   | Entered a bazaar
 54706 | Bazaar   | Found Akenn's Antique Weapon Emporium.
 54719 | Bazaar   | Found Voojigaff's Antique Weapon Shoppe.
 54736 | Bazaar   | Found Kaqu's Antique Armour Shoppe.
 54747 | Bazaar   | Found Leock's Antique Armour Emporium.
 54752 | Bazaar   | Bought a silken robe for 153 gold pieces
 54752 | Bazaar   | Identified the +1 robe of the Pit {Will++ Stlth+} (You
                  | bought it in a shop in a bazaar)
 54755 | Bazaar   | Bought the +3 hat of Pondering {ponderous, Will+ MP+10
                  | Int+5} for 1028 gold pieces
 54755 | Bazaar   | Found the +3 hat of Pondering {ponderous, Will+ MP+10
                  | Int+5}
 54951 | Depths:1 | Reached XP level 22. HP: 170/205 MP: 24/29
 55271 | Depths:1 | Found a sacrificial altar of Ru.
 55830 | Depths:2 | Noticed Sojobo
 55844 | Depths:2 | Killed Sojobo
 55853 | Depths:2 | Reached skill level 21 in Shields
 55969 | Depths:2 | Noticed Grunn
 56088 | Depths:2 | Killed Grunn
 56164 | Depths:2 | Identified the ring of Sodgh {Int+6 Dex+3}
 56597 | Depths:2 | Found a one-way gate leading to the halls of Pandemonium.
 57221 | Depths:3 | Noticed a golden dragon
 57230 | Depths:3 | Killed a golden dragon
 57625 | Depths:3 | Found a shimmering blue altar of Sif Muna.
 57630 | Depths:3 | Found a transporter.
 57751 | Depths:3 | Found a one-way gate to the infinite horrors of the Abyss.
 57844 | Depths:3 | Identified the ring of the Six Bounties {rElec rPois rC+
                  | Stlth+}
 58124 | Depths:4 | Entered Level 4 of the Depths
 58143 | Depths:4 | Noticed a golden dragon
 58238 | Depths:3 | Killed a golden dragon
 58268 | Depths:4 | Noticed a golden dragon
 58298 | Depths:3 | Killed a golden dragon
 58497 | Depths:4 | Found a one-way gateway to a ziggurat.
 58526 | Depths:4 | Reached XP level 23. HP: 200/215 MP: 25/31
 58867 | Depths:4 | Reached skill level 15 in Evocations
 59407 | Depths:4 | Found a gate to the Realm of Zot.
 59552 | Depths:4 | Found Peostist's Blood Bar.
 59997 | Slime:1  | Entered Level 1 of the Pits of Slime
 60025 | Slime:1  | Reached skill level 22 in Shields
 60179 | Slime:1  | Reached skill level 1 in Throwing
 61170 | Slime:5  | Entered Level 5 of the Pits of Slime
 61957 | Slime:5  | Found a viscous altar of Jiyva.
 62415 | Zot:1    | Entered Level 1 of the Realm of Zot
 62614 | Zot:1    | Noticed Vv
 62637 | Zot:1    | Killed Vv
 63341 | Zot:1    | Reached skill level 5 in Throwing
 63352 | Zot:1    | Reached skill level 15 in Armour
 63574 | Zot:2    | Reached skill level 1 in Polearms
 64451 | Vaults:4 | Reached XP level 24. HP: 107/226 MP: 13/31
 64461 | Vaults:4 | Killed Quudwopt's ghost
 66099 | Zot:3    | Found a huge runed gate.
 66099 | Zot:3    | Found a huge runed gate.
 66100 | Zot:3    | Found a huge runed gate.
 66101 | Zot:3    | Found a huge runed gate.
 66101 | Zot:3    | Found a huge runed gate.
 66101 | Zot:3    | Found a huge runed gate.
 66102 | Zot:3    | Found a huge runed gate.
 66104 | Zot:3    | Found a huge runed gate.
 66104 | Zot:3    | Found a huge runed gate.
 66105 | Zot:3    | Found a huge runed gate.
 66105 | Zot:3    | Found a huge runed gate.
 66106 | Zot:3    | Found a huge runed gate.
 66107 | Zot:3    | Found a huge runed gate.
 66108 | Zot:3    | Found a huge runed gate.
 66108 | Zot:3    | Found a huge runed gate.
 66115 | Zot:3    | Identified the +3 plate armour of Free Expression {-Cast
                  | rPois SInv Stlth+}
 66118 | Zot:3    | Found a huge runed gate.
 66118 | Zot:3    | Found a huge runed gate.
 66118 | Zot:3    | Found a huge runed gate.
 66118 | Zot:3    | Found a huge runed gate.
 66118 | Zot:3    | Found a huge runed gate.
 66118 | Zot:3    | Found a huge runed gate.
 66119 | Zot:3    | Found a huge runed gate.
 66120 | Zot:3    | Found a huge runed gate.
 66187 | Zot:3    | Found a huge runed gate.
 66187 | Zot:3    | Found a huge runed gate.
 66187 | Zot:3    | Found a huge runed gate.
 66187 | Zot:3    | Found a huge runed gate.
 66187 | Zot:3    | Found a huge runed gate.
 66187 | Zot:3    | Found a huge runed gate.
 66187 | Zot:3    | Found a huge runed gate.
 66187 | Zot:3    | Found a huge runed gate.
 66188 | Zot:3    | Found a huge runed gate.
 66188 | Zot:3    | Found a huge runed gate.
 66189 | Zot:3    | Found a huge runed gate.
 66189 | Zot:3    | Found a huge runed gate.
 66190 | Zot:3    | Found a huge runed gate.
 66673 | Zot:4    | Noticed an orb of fire
 66681 | Zot:4    | Killed an orb of fire
 67071 | Zot:4    | Reached skill level 5 in Polearms
 67109 | Zot:4    | Reached skill level 10 in Throwing
 67631 | Zot:5    | Entered Level 5 of the Realm of Zot
 67753 | Zot:5    | Noticed an orb of fire
 67753 | Zot:5    | Noticed an orb of fire
 67753 | Zot:5    | Noticed an orb of fire
 67753 | Zot:5    | Noticed a Killer Klown
 68906 | Zot:5    | Noticed a Killer Klown
 68923 | Zot:5    | Killed a Killer Klown
 69568 | Depths:3 | Reached skill level 10 in Polearms
 69571 | Depths:3 | Reached XP level 25. HP: 212/236 MP: 29/31
 69645 | Depths:3 | Found a transporter.
 69645 | Depths:3 | Identified the +3 giant club of Eqemeivo {pain, Str+7
                  | Int+3}
 69901 | D:15     | Killed wormed's ghost
 70223 | Vaults:3 | Killed Lolleill's ghost
 70244 | Vaults:3 | Identified the +5 great sword "Fuloaf" {drain, rElec rPois
                  | Dex+2}
 70627 | Depths:1 | You paid a toll of 6 scrolls of fear to enter a treasure
                  | trove
 70628 | Trove    | Entered a treasure trove
 70635 | Trove    | Identified the +0 barding "Zoniniash" {rN+}
 70637 | Trove    | Identified the +7 hand axe of Calamity {flame, Will++
                  | Int+4}
 70640 | Trove    | Identified the amulet "Afyamoap" {Acrobat Dex+3}
 70643 | Trove    | Identified the +1 helmet "Wotytax" {Fly rPois Slay-5}
 70648 | Trove    | Identified the ring "Cipowig" {rPois rCorr}
 71461 | Slime:5  | Noticed the Royal Jelly
 71759 | Slime:5  | Killed the Royal Jelly
 72027 | Slime:5  | Identified the ring "Zeabbiet" {rF+ rCorr AC+4 Int+2}
 72092 | Slime:5  | Got a slimy rune of Zot
 72133 | Slime:5  | Identified the amulet of Xerche {Spirit *Slow +Blink Int+3
                  | Slay+2}
 72141 | Slime:5  | Identified the +5 sling "Kariezos" {heavy, rPois rC- rCorr}
 72882 | Zot:5    | Noticed an ancient lich
 72888 | Zot:5    | Killed an ancient lich
 73184 | Zot:5    | Learned a level 1 spell: Apportation
 73443 | Zot:5    | Noticed a Killer Klown
 73455 | Zot:5    | Killed a Killer Klown
 73495 | Zot:5    | Noticed a dread lich
 73512 | Zot:5    | Killed a dread lich
 73573 | Zot:5    | Killed a Killer Klown
 74244 | Zot:5    | Noticed an orb of fire
 74257 | Zot:5    | Noticed an orb of fire
 74266 | Zot:5    | Killed an orb of fire
 74267 | Zot:5    | Killed an orb of fire
 74269 | Zot:5    | Noticed an orb of fire
 74282 | Zot:5    | Killed an orb of fire
 75132 | Zot:5    | Killed an orb of fire
 75133 | Zot:5    | Noticed an orb of fire
 75133 | Zot:5    | Noticed an orb of fire
 75134 | Zot:5    | Noticed a Killer Klown
 75135 | Zot:5    | Killed an orb of fire
 75137 | Zot:5    | Killed an orb of fire
 75138 | Zot:5    | Killed an orb of fire
 75144 | Zot:5    | Killed an orb of fire
 75162 | Zot:5    | Killed a Killer Klown
 75650 | Zot:5    | Got the Orb of Zot
 76260 | D:$      | Escaped with the Orb!

Illustrated notes

Levels and vault maps discovered:
D:1:      lemuel_arrival_rhombus, layout_rooms,
          hellmonk_ecumenical_altar_zigzags, minmay_hedge_maze
D:2:      layout_basic, uniq_sigmund, uniq_jessica
D:3:      minmay_chambers_of_twos, layout_loops_corners,
          nicolae_tso_besieged_by_evil, grunt_ashenzari_visionary
          [grunt_ashenzari_visionary_shoals, grunt_ashenzari_visionary_snake],
          uniq_robin
D:4:      layout_gridville, serial_shops, nicolae_diamond_shop,
          minmay_misc_feat_five, nicolae_inconvenience_store
D:5:      layout_gridville, kennysheep_mini,
          minmay_temple_entry_statues_pillars, kennysheep_generic_room_16
D:6:      layout_basic, grunt_temple_overflow_lords_of_destruction,
          lemuel_crystal_altar, uniq_menkaure, uniq_blork_the_orc,
          uniq_eustachio, uniq_prince_ribbit1
D:7:      layout_cave_pools, lemuel_crystal_altar, overflow_temple_1_default,
          mainiacjoe_overflow_alcove_2
D:8:      nicolae_cairo_tiling_large, layout_gridville,
          mainiacjoe_overflow_chevrons, nicolae_overflow_hidden_temple,
          fountainhead, grunt_ministairs_14, hangedman_decor_diamond_cutter
D:9:      minmay_the_grid_plus_closed [minmay_the_grid_zigzag_pyramid,
          minmay_the_grid_minigrid_medium, minmay_the_grid_tri_star,
          minmay_the_grid_pillar_ring, minmay_the_grid_prize_shrinking_boxes],
          layout_basic, overflow_temple_1_default, serial_shops,
          kennysheep_little_box, st_stairs_9, hangedman_tell_no_tales
D:10:     layout_basic, mainiacjoe_overflow_concentric_impassable,
          lemuel_round_altar, minmay_lair_entry_grove, david_orc_5,
          dreamdust_princess_corridor, uniq_maggie, uniq_sonja
D:11:     layout_rooms, billiards_dpeg
D:12:     layout_irregular_city, uniq_lodul
D:13:     layout_grid_maze, erik_vaults_1
D:14:     kennysheep_big_flooded_room, layout_long_grid, minmay_holes
D:15:     gammafunk_depths_entry_grave, layout_loops_corners,
          gammafunk_ghost_icy, nicolae_ashenzari_skybound
Temple:   hellmonk_temple_two_chambers
Lair:1:   layout_cave_shapes, chequers_serial_rivers_small_3, minivault_24,
          grunt_megastairs_3
Lair:2:   layout_gridlike, dummy_snake_entry, basic_altar
Lair:3:   layout_gridlike, elwin_shoals_entry_rooms, basic_altar
Lair:4:   layout_regular_city, slime_entry_1, uniq_urug
Lair:5:   cheibrodos_lair_end_hotspot, layout_gridlike, disabler_island
Shoals:1: nicolae_shoals_offshore_bank_account, layout_shoals,
          portal_ice_cave_entry_ice_statue_one, wheals_shoals_ruined_temple
Shoals:2: cheibrodos_shoals_satyrical_garden, layout_shoals,
          nicolae_shoals_seven_spires
Shoals:3: nicolae_shoals_island_circles, layout_shoals, lightli_airlock,
          uniq_ilsuiw
Shoals:4: shoals_end_grunt_ice, layout_shoals, shoals_ilsuiw_ice
Snake:1:  layout_honeycomb, serial_bayou_shore_b, serial_bayou_shore_b,
          lemuel_fruit_tree, minmay_shop_star, uniq_josephine, uniq_mlioglotl,
          uniq_aizul, uniq_agnes
Snake:2:  layout_chambers, minmay_shoptagon, nicolae_triple_integral
Snake:3:  layout_grid_maze, st_stairs_13
Snake:4:  johnstein_snake_rune_scales, layout_cave_town,
          nicolae_snake_gridmaze_squiggle, grunt_megastairs_5
Slime:1:  layout_caves
Slime:2:  layout_caves
Slime:3:  layout_caves
Slime:4:  layout_caves
Slime:5
Orc:1:    cheibrodos_orc_guarddog, layout_caves,
          lightli_volcano_entry_magma_tube
Orc:2:    st_orc_open, layout_caves
Elf:1:    minmay_elf_arrival_summoners, layout_loops_corners,
          minmay_elf_demonology, nicolae_shop_i_like_big_books,
          lemuel_upstairs_altar
Elf:2:    nicolae_elf_blades_splatter_lattice
          [nicolae_blade_entry_diamond_columns], layout_geoelf_grid
Elf:3:    minmay_elf_hall_not_hex, layout_geoelf_grid, uniq_louise
Vaults:1: v_misc_28, vaults_dpeg_encased_lava, ontoclasm_vaults_pinch,
          kb_rosetta, hangedman_vaults_cutoff, v_misc_29,
          hangedman_vaults_pinch, ontoclasm_vaults_shuriken, v_misc_24,
          v_alt_pattern_5, grunt_vaults_funnel, nicolae_vaults_specimen_jars,
          layout_vaults_maze_snakey, uniq_asterion, uniq_saint_roka
Vaults:2: v_misc_11, v_misc_15, ontoclasm_vaults_ligature,
          hangedman_vaults_cutoff, v_misc_30, vaults_room_boxed,
          vaults_dpeg_cross, v_misc_18, ontoclasm_vaults_spin,
          grunt_vaults_focal, hangedman_vaults_corner_blocks,
          ontoclasm_vaults_decontamination, layout_vaults_ring, uniq_jory
Vaults:3: gammafunk_ghost_grave, v_rooms_5, minmay_crypt_entry_skeletal_spiral,
          v_alt_pattern_6, nicolae_vaults_an_arrangement,
          vaults_room_ringed_pool, v_misc_14, v_misc_1, vaults_mumra_minichess,
          v_misc_1, ontoclasm_vaults_tryst, nicolae_vaults_theta,
          vaults_room_pool, nicolae_vaults_little_squares_6,
          layout_vaults_omnigrid
Vaults:4: biasface_ghost_orc_armoury, nicolae_vaults_disjoint_gnomons,
          hangedman_vaults_unwind, nicolae_vaults_inception_scallops,
          nicolae_vaults_circle_grid_a, nicolae_vaults_mini_display_case,
          hangedman_vaults_trim, nicolae_vaults_circle_grid_b, v_rooms_1,
          ontoclasm_vaults_ring_small, nicolae_vaults_little_squares_5,
          vaults_dpeg_hooks, hangedman_vaults_nails, layout_vaults_big_cross,
          serial_shops, nicolae_shop_window_shopping
Depths:1: layout_gridlike, interstate_on_off, serial_shops, bzr_entry_road,
          serial_glass, glass_columns_a, glass_columns_a,
          trove_entry_hex_spiral, hangedman_coc_ice_floe, hangedman_ru_absence
Depths:2: dreamdust_tengu_aerie, layout_small_grid, rand_demon_pan_entry_9,
          hell_entry, minmay_staircase_bubble, uniq_grunn, uniq_josephina,
          uniq_sojobo
Depths:3: gammafunk_sealed_library, layout_basic, abyss_entry_small_statue_room,
          hell_entry, chequers_serial_rivers_micro_b, grunt_megastairs_2,
          minmay_staircase_statues
Depths:4: grunt_zot_entry_bicorn, layout_twisted_cross, enter_ziggurat_b,
          hell_entry, minmay_misc_feat_doors, amcnicky_mini_pool_small,
          guppyfry_shop_blood, uniq_boris
Zot:1:    layout_onion_interference, uniq_vv
Zot:2:    lemuel_firehouse, layout_onion_interference
Zot:3:    layout_gridville, door_vault
Zot:4:    lemuel_halls_of_wrath, layout_twisted_circle
Zot:5:    layout_twisted_circle, lemuel_baited_zot_trap

Skill      XL: |  1  2  3  4  5  6  7  8  9 10 11 12 13 14 15 16 17 18 19 20 21 22 23 24 25 |
---------------+----------------------------------------------------------------------------+-----
Short Blades   | 3 4 6 7 8 10 | 10.2
Long Blades    | 5 7 10 13 15 | 15.2
Armour         | 1 5 8 9 11 12 13 15 | 15.0
Invocations    | 1 4 7 9 11 12 13 15 17 20 | 20.0
Evocations     | 1 4 5 7 8 9 11 14 15 | 15.0
Fighting       | 3 5 7 8 10 11 12 13 15 16 17 | 17.0
Stealth        | 7 10 11 13 14 15 16 | 16.0
Dodging        | 3 5 9 10 | 10.0
Shields        | 2 7 9 14 15 17 20 21 22 | 22.4
Transmutations | 5 6 |  6.0
Spellcasting   | 2 |  2.0
Throwing       | 6 10 | 10.0
Polearms       | 2 10 12 | 12.0

Action                   |  1- 3 |  4- 6 |  7- 9 | 10-12 | 13-15 | 16-18 | 19-21 | 22-24 | 25-27 || total
-------------------------+-------+-------+-------+-------+-------+-------+-------+-------+-------++-------
Melee: Short sword       |    20 |   204 |   121 |       |       |       |       |       |       ||   345
       Tailslap          |     3 |    30 |    45 |    92 |   194 |   263 |   346 |   420 |   129 ||  1522
       Punch             |       |     1 |     2 |     9 |    15 |       |       |       |       ||    27
       Scimitar          |       |       |   200 |   541 |   928 |  1279 |   842 |       |       ||  3790
       Dagger            |       |       |    19 |    67 |    73 |    98 |     9 |       |       ||   266
       Long sword        |       |       |       |       |    10 |       |       |       |       ||    10
       Rapier            |       |       |       |       |       |       |    65 |    53 |       ||   118
       Double sword      |       |       |       |       |       |       |   540 |  1285 |   387 ||  2212
       Unarmed           |       |       |       |       |       |       |     1 |       |       ||     1
       Lance             |       |       |       |       |       |       |       |   307 |   134 ||   441
       Quick blade       |       |       |       |       |       |       |       |       |    16 ||    16
 Fire: Shortbow          |       |       |       |    48 |       |       |       |       |       ||    48
Throw: Dart              |       |     2 |     7 |     7 |     2 |       |     9 |     1 |       ||    28
       Javelin           |       |       |       |       |       |       |    10 |     2 |    23 ||    35
       Throwing net      |       |       |       |       |       |       |     2 |       |     1 ||     3
 Cast: Wereblood         |       |       |       |       |       |     2 |    31 |    26 |     8 ||    67
       Apportation       |       |       |       |       |       |       |       |       |     1 ||     1
Invok: Grand Finale      |       |       |       |       |     2 |       |     1 |       |     5 ||     8
Evoke: Wand              |       |       |     1 |     2 |     2 |    12 |       |     1 |       ||    18
       Lightning rod     |       |       |       |     3 |     3 |     2 |       |       |       ||     8
       Condenser vane    |       |       |       |       |     1 |     4 |     7 |     7 |     2 ||    21
       Box of beasts     |       |       |       |       |     1 |     2 |     3 |       |     2 ||     8
       Tin of tremorston |       |       |       |       |       |     7 |     4 |     2 |     3 ||    16
       Phantom mirror    |       |       |       |       |       |       |     3 |     1 |     1 ||     5
  Use: Scroll            |       |     2 |    14 |     5 |     9 |    11 |     8 |     1 |       ||    50
       Potion            |       |     1 |       |     2 |     1 |     9 |     7 |     7 |    13 ||    40
 Stab: Sleeping          |       |     9 |    15 |     8 |    32 |    37 |    43 |    28 |     3 ||   175
       Distracted        |       |     1 |       |     1 |     5 |     6 |     6 |     5 |     3 ||    27
       Paralysed         |       |       |     9 |    31 |    80 |    91 |   164 |   205 |    46 ||   626
       Invisible         |       |       |     1 |       |       |       |       |       |       ||     1
       Held in net/web   |       |       |       |       |       |       |       |       |     1 ||     1
Armor: Leather armour    |     3 |    69 |    77 |     2 |       |       |       |       |       ||   151
       Robe              |       |       |       |    45 |       |       |       |       |       ||    45
       Troll leather arm |       |       |       |   160 |   420 |   399 |   359 |   515 |    66 ||  1919
       Chain mail        |       |       |       |       |       |    14 |       |       |       ||    14
       Skin              |       |       |       |       |       |       |     2 |       |       ||     2
       Quicksilver drago |       |       |       |       |       |       |       |       |   104 ||   104
Dodge: Dodged            |     6 |    55 |   100 |   148 |   393 |   295 |   265 |   435 |   106 ||  1803
Block: Buckler           |       |       |       |       |     4 |   232 |       |       |       ||   236
       Kite shield       |       |       |       |       |       |   206 |   651 |       |       ||   857
       Tower shield      |       |       |       |       |       |       |   106 |  1547 |   463 ||  2116

Table legend: (Time is in decaauts)
 A = Elapsed time spent in this place.
 B = Non-inter-level travel time spent in this place.
 C = Inter-level travel time spent in this place.
 D = Time resting spent in this place.
 E = Time spent auto-exploring this place.
 F = Levels seen in this place.
 G = Mean time per level.
                   A        B        C        D        E       F      G
               +--------+--------+--------+--------+--------+-----+--------+
         Total |  74354 |  63598 |  10756 |  15326 |  32509 |  57 | 1304.5 |
       Dungeon |  20355 |  17173 |   3182 |   3444 |  10616 |  15 | 1357.0 |
        Temple |     19 |     13 |      6 |      0 |     11 |   1 |   19.0 |
          Lair |   7020 |   5397 |   1623 |    810 |   3316 |   5 | 1404.0 |
        Shoals |   5796 |   5330 |    466 |   1698 |   1915 |   4 | 1449.0 |
     Snake Pit |   6881 |   6371 |    510 |   1729 |   3154 |   4 | 1720.2 |
    Slime Pits |   2827 |   2530 |    297 |    753 |    980 |   5 |  565.4 |
  Orcish Mines |   2072 |   1656 |    416 |    260 |    882 |   2 | 1036.0 |
   Elven Halls |   4725 |   4319 |    406 |   1433 |   1667 |   3 | 1575.0 |
        Vaults |   7858 |   6620 |   1238 |    883 |   4297 |   4 | 1964.5 |
        Depths |   6880 |   5286 |   1594 |    948 |   2636 |   4 | 1720.0 |
           Zot |   9301 |   8288 |   1013 |   3191 |   2970 |   5 | 1860.2 |
         Abyss |    341 |    341 |      0 |     68 |      0 |   2 |  170.5 |
        Bazaar |     68 |     68 |      0 |      0 |     59 |   1 |   68.0 |
         Trove |     41 |     41 |      0 |      0 |      5 |   1 |   41.0 |
      Ice Cave |    164 |    164 |      0 |    106 |      0 |   1 |  164.0 |
               +--------+--------+--------+--------+--------+-----+--------+

Top non-repeatable levels by time:
   Zot:5: 4473 daAuts
     D:9: 2525 daAuts
 Snake:4: 2347 daAuts
Vaults:3: 2324 daAuts
 Snake:3: 2096 daAuts
Vaults:1: 2022 daAuts
   Elf:3: 2000 daAuts
Depths:1: 1900 daAuts
Vaults:4: 1806 daAuts
Depths:3: 1800 daAuts
  Lair:1: 1797 daAuts
Vaults:2: 1705 daAuts
    D:12: 1697 daAuts
     D:4: 1662 daAuts
Depths:4: 1626 daAuts
